AoeStats
← catchchez

Golden Pit

510274522Analyzed
1v1 RM · 3d ago on Sep 30, 2026· 36m 21s· 2 players
Game mode
Random Map
Map size
Tiny (2 player)
Population
200
Speed
Normal
Resources
Standard
Victory
Conquest
Starting age
Dark Age
Ending age
Imperial Age
RankedLock teamsTeams togetherTeam positionsShared explorationLock speedFull tech treeHidden civsTurbo modeCheats
Victory
Defeat
🇮🇳 Franks · India
709
+15
🇹🇷 Italians · Türkiye
677
-15
SexeS
11:26 Feudal Age
9:43 Loom
11:52 Double-Bit Axe
11:50 Horse Collar
12:11 Gold Mining
15:34 Bloodlines
23:37 Castle Age
22:42 Padded Archer Armor
22:32 Fletching
33:42 Stone Mining
33:42 Gold Mining
catchchez
3:09 Loom
11:06 Feudal Age
12:31 Double-Bit Axe
16:04 Fletching
24:40 Castle Age
Connection lost

Rejoining the realm…

Still unreachable

The connection could not be restored.

Session expired

The server has moved on; the page needs a fresh start.